Map: 乌雷纳

Players

shengy - Winner!

  • Race: Zerg Zerg
  • League: Gold

Theldron

  • Race: Zerg Zerg
  • League: Gold

VOD

Have the link to the VOD?

Description

Time

  • Played on: Nov. 25, 2015, 11:24 a.m.
  • Length: 9:45
Show
View Real Time Build Order
Export as new Build Order

shengy Zerg - Winner!

Build Orders: Hatch First 

Get SALT Encoding   

  12  0:01  Drone  
  13  0:11  Drone  
  14  0:17  Overlord  
  14  0:35  Drone  
  14  0:36  Drone  
  14  0:37  Drone  
  17  0:46  Drone  
  18  0:58  Hatchery  
  18  0:59  Drone  
  18  1:10  Drone  
  19  1:16  Spawning Pool  
  18  1:20  Drone  
  19  1:30  Overlord  
  19  1:44  Extractor, Drone  
  19  1:54  Drone  
  20  2:03  Queen  
  20  2:04  Zergling x2  
  23  2:10  Queen  
  23  2:11  Zergling x2  
  23  2:13  Drone  
  28  2:30  Drone  
  28  2:32  Drone x2  
  30  2:40  Drone  
  31  2:51  Hatchery  
  31  2:52  Drone x2  
  31  3:00  Drone  
  31  3:01  Drone  
  33  3:05  Overlord  
  33  3:07  Overlord  
  32  3:22  Metabolic Boost  
  32  3:37  Zergling x12  
  38  3:50  Lair  
  38  3:51  Roach Warren, Drone  
  38  3:54  Extractor  
  36  4:08  Drone x8  
  36  4:09  Drone  
  44  4:16  Drone  
  45  4:17  Queen  
  47  4:37  Hatchery  
  46  4:39  Drone x2  
  46  4:40  Evolution Chamber, Drone  
  46  4:41  Extractor x2  
  46  4:42  Overlord x2  
  47  4:52  Drone  
  47  4:53  Drone x2  
  47  4:56  Glial Reconstitution  
  47  4:58  Overlord  
  49  5:14  Overseer  
  49  5:22  Zerg Missile Weapons Level 1  
  49  5:27  Baneling Nest, Roach  
  50  5:28  Roach  
  50  5:29  Roach x6  
  61  5:56  Drone  
  61  5:57  Drone x7  
  64  5:58  Hydralisk Den, Drone x4  
  64  6:00  Extractor  
  64  6:01  Drone x2  
  64  6:02  Extractor  
  64  6:03  Queen  
  74  6:30  Roach x3  
  80  6:45  Overlord x5  
  79  7:02  Overlord x2  
  79  7:04  Drone x2  
  79  7:08  Muscular Augments  
  81  7:09  Zergling x2  
  81  7:10  Zergling x12  
  88  7:26  Overlord x2  
  88  7:29  Zerg Missile Weapons Level 2  
  88  7:34  Hydralisk x7  
  88  7:35  Hydralisk  
  99  7:58  Roach x6  
  108  7:59  Evolution Chamber, Roach x5  
  119  8:13  Overseer  
  119  8:22  Overlord x2  
  119  8:23  Zergling x2  
  119  8:24  Zergling x10  
  119  8:25  Zergling x4  
  126  8:54  Extractor  
  126  8:55  Hatchery  
  120  8:58  Extractor  
  120  8:59  Hydralisk x7  
  131  9:05  Drone x5  
Show
View Real Time Build Order
Export as new Build Order

Theldron Zerg 

Build Orders: Pool First 

Get SALT Encoding   

  12  0:01  Drone  
  13  0:13  Overlord  
  13  0:17  Drone  
  14  0:31  Drone  
  15  0:39  Spawning Pool  
  14  0:46  Drone  
  15  1:15  Hatchery  
  14  1:21  Drone  
  15  1:29  Spine Crawler  
  15  1:30  Drone  
  15  1:31  Drone  
  15  1:32  Extractor  
  15  1:35  Drone  
  16  1:47  Drone  
  16  1:53  Queen  
  19  1:59  Zergling x2  
  20  2:11  Spine Crawler  
  19  2:28  Spine Crawler  
  19  2:29  Drone  
  19  2:33  Queen  
  21  2:39  Metabolic Boost  
  21  2:51  Zergling x4  
  21  3:00  Drone  
  22  3:15  Drone  
  23  3:23  Drone  
  24  3:30  Drone  
  24  3:31  Drone x3  
  24  3:32  Overlord  
  28  3:41  Roach Warren  
  27  3:43  Drone  
  28  3:51  Spine Crawler  
  27  4:07  Drone  
  27  4:08  Drone  
  27  4:09  Zergling x8  
  31  4:19  Zergling x2  
  31  4:20  Zergling x6  
  33  4:31  Extractor, Roach  
  32  4:32  Roach  
  32  4:37  Overlord  
  35  4:48  Overlord  
  35  4:56  Drone  
  35  4:57  Drone x3  
  39  5:03  Lair  
  39  5:17  Drone x2  
  39  5:18  Drone  
  39  5:19  Drone x2  
  44  5:22  Queen  
  44  5:27  Ravager x2  
  48  5:34  Drone  
  50  5:50  Overlord, Roach  
  50  5:51  Overlord x2  
  50  6:01  Evolution Chamber  
  50  6:03  Evolution Chamber  
  48  6:13  Drone x2  
  50  6:20  Hatchery  
  49  6:32  Roach  
  51  6:33  Roach x6  
  63  6:43  Roach  
  63  6:44  Roach  
  69  6:54  Roach x3  
  69  6:55  Roach  
  75  7:03  Zergling x2  
  75  7:04  Overlord x4  
  76  7:29  Glial Reconstitution  
  76  7:31  Zerg Missile Weapons Level 1  
  76  7:35  Drone x7  
  76  7:36  Drone  
  84  7:54  Extractor  
  84  7:56  Spore Crawler, Extractor  
  84  7:58  Spore Crawler  
  80  8:00  Overseer  
  80  8:01  Overseer  
  80  8:02  Overseer  
  80  8:07  Spore Crawler x2, Drone x2  
  80  8:08  Drone  
  83  8:18  Spine Crawler  
  83  8:19  Spine Crawler  
  81  8:24  Spine Crawler  
  80  8:30  Spore Crawler  
  80  8:34  Spore Crawler, Drone x3  
  80  8:37  Spore Crawler  
  74  9:01  Zergling x26  
  87  9:04  Overseer  
Tags
 
Add a new tag
Caveats
  • Supply blocks, unpowered buildings, or Contaminate may cause inaccurate times.
  • Supply counts are checked every 10 seconds.